 Dungeon Crawl Stone Soup version 0.24-a0-696-gd18775d (webtiles) character file.

Game seed: 1888830359692242779, levelgen mode: deterministic

208 Anandil the Shooter (level 5, 0/32 HPs)
             Began as a Deep Elf Hunter on Sept 29, 2019.
             Slain by a hippogriff (2 damage)
             ... on level 4 of the Dungeon.
             The game lasted 00:08:01 (3280 turns).

Anandil the Shooter (Deep Elf Hunter)               Turns: 3280, Time: 00:08:02

Health: 0/32       AC:  6    Str: 10    XL:     5   Next: 55%
Magic:  7/7        EV: 10    Int: 16    God:
Gold:   128        SH:  0    Dex: 15    Spells: 4/4 levels left

rFire    . . .     SeeInvis .   b - +2 dagger (venom)
rCold    . . .     Gourm    .   (no shield)
rNeg     . . .     Faith    .   h - +0 scale mail {rPois}
rPois    +         Spirit   .   (no helmet)
rElec    .         Reflect  .   (no cloak)
rCorr    .         Harm     .   (no gloves)
MR       .....                  (no boots)
Stlth    ..........             e - amulet of regeneration
HPRegen  0.50/turn              (no ring)
MPRegen  0.10/turn              (no ring)

@: very slightly contaminated, invisible
A: no striking features
a: no special abilities


You were on level 4 of the Dungeon.
You were not hungry.

You visited 1 branch of the dungeon, and saw 4 of its levels.

You collected 128 gold pieces.

Inventory:

Hand Weapons
 a - a +1 shortbow
 b - a +2 dagger of venom (weapon)
Missiles
 d - 49 arrows
 p - 8 boomerangs
 x - 3 poisoned darts (quivered)
Armour
 c - a +0 leather armour
 h - a +0 scale mail of poison resistance (worn)
 l - a +0 ring mail
 B - the +0 ring mail of Makhleb {rPois rC+, unknown}
   (You found it on level 4 of the Dungeon)

   It protects you from cold.
   It protects you from poison.
Jewellery
 e - an amulet of regeneration (around neck)
Wands
 j - a wand of polymorph (7)
 t - a wand of iceblast (11)
 v - a wand of random effects (8)
Scrolls
 i - 2 scrolls of enchant weapon {unknown}
 o - 2 scrolls of remove curse {unknown}
 r - a scroll of fog {unknown}
 s - a scroll of amnesia {unknown}
 y - a scroll of teleportation {unknown}
Potions
 g - 2 potions of brilliance
 k - a potion of resistance
 q - 4 potions of cancellation
 u - a potion of haste
 w - 2 potions of flight
 z - a potion of might
Comestibles
 f - 6 rations
 A - a chunk of flesh


   Skills:
 + Level 3.0 Fighting
 + Level 5.6 Bows
 + Level 4.5 Dodging
 - Level 1.2 Stealth


You had 4 spell levels left.
You didn't know any spells.
Your spell library was empty.

Dungeon Overview and Level Annotations

Branches:
Dungeon (4/15)
 Temple: D:4-7

Altars:


Message History

The hippogriff pecks you but does no damage.
The hippogriff claws you!
* * * LOW HITPOINT WARNING * * *
Unknown command.
It was a potion of invisibility.
You fade into invisibility!
The hippogriff bites you.
* * * LOW HITPOINT WARNING * * *
The hippogriff pecks you but does no damage.
The hippogriff claws you.
* * * LOW HITPOINT WARNING * * *
You are very lightly contaminated with residual magic.
Some of the chunks of flesh in your inventory have rotted away.
You hit the hippogriff.
The hippogriff looks as sick as possible!
The hippogriff is severely wounded.
The hippogriff barely misses you.
The hippogriff pecks you but does no damage.
The hippogriff claws you.
You die...

##......# .#......# ....
.+......# ....
.#......#####...
.##...........##+##
..#...........#...#
..#...........#...#
..'...........#...#
..#...........#.@.#
###....####'###.H#####
+....#.........##..#.........
#....#........(....#.........
#....#.............#..[......
#....+........(....#.........
#....#.##+####(##.##........
# ## #.####......# #
#(...#..H...#


You could see a hippogriff.

Vanquished Creatures
  An orc priest (D:4)
  An orc wizard (D:3)
  Terence (D:2)
  4 adders
  An adder skeleton (D:3)
  2 worms
  A dart slug (D:2)
  2 leopard geckos
  15 orcs
  3 giant cockroaches
  5 goblins
  8 hobgoblins
  4 jackals (D:3)
  2 quokkas (D:3)
  A ball python (D:1)
  4 bats
  3 frilled lizards
  8 kobolds
  4 rats
70 creatures vanquished.

Notes
Turn   | Place    | Note
-------+----------+-------------------------------------------
     0 | D:1      | Anandil the Deep Elf Hunter began the quest for the Orb.
     0 | D:1      | Reached XP level 1. HP: 12/12 MP: 3/3
   254 | D:1      | Reached XP level 2. HP: 16/17 MP: 4/4
  1454 | D:2      | Reached XP level 3. HP: 6/21 MP: 5/5
  1594 | D:2      | Noticed Terence
  1618 | D:2      | Killed Terence
  1618 | D:2      | Reached skill level 5 in Bows
  1743 | D:2      | Found a faded altar of an unknown god.
  1956 | D:3      | Reached XP level 4. HP: 27/27 MP: 6/6
  2363 | D:3      | Reached XP level 5. HP: 28/31 MP: 7/7
  2790 | D:4      | Identified the ring "Qegus" {+Inv rF- MR+ Str+3 Dex+3}
  2791 | D:4      | Noticed an orc warrior
  3221 | D:4      | Got a smoking ring mail
  3249 | D:4      | Noticed a hippogriff
  3278 | D:4      | HP: 1/32 [hippogriff (1)]
  3280 | D:4      | Slain by a hippogriff

Levels and vault maps discovered:
D:1:      sevenhm_arrival_forest_fort_large_1, layout_loops_ring,
          minmay_pentomino_q4
D:2:      layout_basic, chequers_ecumenical_altar_lobes,
          hangedman_abyss_or_decor_lesser_grid, uniq_terence
D:3:      layout_loops_ring, first_ration
D:4:      layout_gridville, lemuel_crystal_altar

Skill      XL: |  1  2  3  4  5 |
---------------+----------------+-----
Dodging        | 3 4 |  4.5
Fighting       | 2 3 |  3.0
Bows           | 5 |  5.6
Stealth        | |  1.2

Action                   |  1- 3 |  4- 6 || total
-------------------------+-------+-------++-------
Melee: Dagger            |       |   176 ||   176
 Fire: Shortbow          |   103 |    12 ||   115
Throw: Dart              |       |     4 ||     4
  Use: Scroll            |     1 |     4 ||     5
       Potion            |     1 |     4 ||     5
  Eat: Chunk             |     3 |     4 ||     7
Armor: Leather armour    |     3 |       ||     3
       Ring mail         |     4 |     7 ||    11
       Scale mail        |       |    70 ||    70
Dodge: Dodged            |    26 |    86 ||   112

Table legend:
 A = Non-vault XP
 B = Vault XP
 C = Vault XP percentage of total XP
 D = Non-vault monster count
 E = Vault monster count
 F = Vault count percentage of total count
                 A         B        C        D         E       F
            +---------+---------+-------+---------+---------+-------
      Total |     258 |      40 |  13.4 |      63 |       7 |  10.0
            +---------+---------+-------+---------+---------+-------
        D:1 |      13 |       8 |  38.1 |       8 |       6 |  42.9
        D:2 |      34 |      32 |  48.5 |      11 |       1 |   8.3
        D:3 |     140 |       0 |   0.0 |      36 |       0 |   0.0
        D:4 |      71 |       0 |   0.0 |       8 |       0 |   0.0
            +---------+---------+-------+---------+---------+-------
